 Dungeon Crawl Stone Soup version 0.27-a0-991-gbc1d1cc (webtiles) character file.

Game seed: 16019363809977603072

4 Sixotanaka the Chiller (level 1, 0/13 HPs)
             Began as a Merfolk Ice Elementalist on Apr 15, 2021.
             Slain by a goblin
             ... wielding a +2 dagger of freezing
              (2 damage)
             ... on level 1 of the Dungeon.
             The game lasted 00:00:36 (169 turns).

Sixotanaka the Chiller (Merfolk Ice Elementalist)    Turns: 169, Time: 00:00:36

Health: 0/13       AC:  2    Str:  8    XL:     1   Next: 60%
Magic:  0/3        EV: 12    Int: 14    God:
Gold:   0          SH:  0    Dex: 14    Spells: 3/4 levels left

rFire    . . .     SeeInvis .   (no weapon)
rCold    . . .     Faith    .   (no shield)
rNeg     . . .     Spirit   .   a - +0 robe
rPois    .         Reflect  .   (no helmet)
rElec    .         Harm     .   (no cloak)
rCorr    .         Rampage  .   (no gloves)
Will     .....                  (no boots)
Stlth    ++........             (no amulet)
HPRegen  0.04/turn              (no ring)
MPRegen  0.08/turn              (no ring)

@: very slightly contaminated
A: (nimble swimmer 2), mertail
a: no special abilities


You were on level 1 of the Dungeon.
You visited 1 branch of the dungeon, and saw 1 of its levels.


Innate Abilities, Weirdness & Mutations

((You are quick and stealthy near water. (Stealth+, EV+, Speed+++)))
Your lower body shifts to a powerful aquatic tail in water.


   Skills:
 - Level 2.8 Dodging
 - Level 2.3 Stealth
 - Level 2.0 Spellcasting
 + Level 4.4 Ice Magic


You had 3 spell levels left.
You knew the following spells:

 Your Spells              Type           Power      Damage    Failure   Level
a - Freeze                Ice            52%        1d7       3%          1

Your spell library contained the following spells:

 Spells                   Type           Power      Damage    Failure   Level
 Frozen Ramparts          Ice            26%        1d4       12%         3
 Ozocubu's Armour         Ice            13%        N/A       12%         3
 Hailstorm                Conj/Ice       7%         3d4       67%         4
 Metabolic Englaciation   Hex/Ice        3%         N/A       95%         5


Dungeon Overview and Level Annotations

Branches:
Dungeon (1/15)

Altars:

Inventory:

Armour
 a - a +0 robe (worn)
Scrolls
 c - a scroll of identify {unknown}
Potions
 b - a potion of mutation {unknown}

#.. #.# #(. #.# #.# #.#
# #.#.# #.#########.#.#
#...Jg@.......#
###########.#####.#####
#>...........
##.########..
#.########†.
#........†..
#..######'##
#..##.......#
#..##.#######.


You could see an endoplasm and a goblin.


Message History

You kill the hobgoblin!
Aim: a hobgoblin You freeze the hobgoblin!
You kill the hobgoblin!
You start resting.
A giant cockroach is nearby!
You don't know that spell.
There is an open door here.
You start resting.
There is an open door here.
A giant cockroach is nearby!
Aim: a giant cockroach You freeze the giant cockroach.
The giant cockroach closely misses you.
Aim: a giant cockroach (severely wounded)
You freeze the giant cockroach.
You kill the giant cockroach!
You start resting.
b - a golden potion You see here a hobgoblin corpse.
You see here a hobgoblin corpse.
Found a stone staircase leading down.
c - a scroll labelled KOIFORIDUGG
There is a stone staircase leading down here.
Found 2 javelins.
A goblin comes into view. It is wielding a +2 dagger of freezing.
A goblin is nearby!
Okay, then.
An endoplasm comes into view.
The goblin shouts!
The endoplasm quivers.
The goblin hits you with a +2 dagger of freezing.
The goblin freezes you.
Aim: a goblin, wielding a +2 dagger of freezing You freeze the goblin.
The goblin hits you with a +2 dagger of freezing.
The goblin freezes you.
Aim: a goblin, wielding a +2 dagger of freezing (heavily wounded)
You miscast Freeze.
You are very lightly contaminated with residual magic.
Nothing appears to happen.
The goblin hits you with a +2 dagger of freezing.
* * * LOW HITPOINT WARNING * * *
The goblin freezes you.
* * * LOW HITPOINT WARNING * * *
Aim: a goblin, wielding a +2 dagger of freezing (heavily wounded)
You freeze the goblin.
The goblin hits you with a +2 dagger of freezing.
* * * LOW HITPOINT WARNING * * *
The goblin freezes you.
You die...

Levels and vault maps discovered:
D:1:      evilmike_arrival_rings, layout_basic,
          shapermc_ecumenical_altar_mp_highgroup

Vanquished Creatures
  A giant cockroach (D:1)
  2 hobgoblins (D:1)
3 creatures vanquished.

Table legend: (Time is in decaauts)
 A = Elapsed time spent in this place.
 B = Non-inter-level travel time spent in this place.
 C = Inter-level travel time spent in this place.
 D = Time resting spent in this place.
 E = Time spent auto-exploring this place.
 F = Levels seen in this place.
 G = Mean time per level.
                   A        B        C        D        E       F      G
               +--------+--------+--------+--------+--------+-----+--------+
         Total |    168 |    168 |      0 |     48 |     91 |   1 |  168.0 |
       Dungeon |    168 |    168 |      0 |     48 |     91 |   1 |  168.0 |
               +--------+--------+--------+--------+--------+-----+--------+

Top non-repeatable levels by time:
     D:1: 168 daAuts

Table legend:
 A = Kills in this place as a percentage of kills in entire the game.
 B = Kills by you in this place as a percentage of kills by you in the entire game.
 C = Kills by friends in this place as a percentage of kills by friends in the entire game.
 D = Other kills in this place as a percentage of other kills in the entire game.
 E = Experience gained in this place as a percentage of experience gained in the entire game.
 F = Experience gained in this place divided by the number of levels of this place that you have seen.
                   A       B       C       D       E      F
               +-------+-------+-------+-------+-------+----------------------
         Total | 100.0 | 100.0 |   N/A |   N/A | 100.0 |   6.0
       Dungeon | 100.0 | 100.0 |   N/A |   N/A | 100.0 |   6.0
               +-------+-------+-------+-------+-------+----------------------

Notes
Turn   | Place    | Note
-------+----------+-------------------------------------------
     0 | D:1      | Sixotanaka the Merfolk Ice Elementalist began the quest for
                  | the Orb.
     0 | D:1      | Reached XP level 1. HP: 13/13 MP: 3/3
   169 | D:1      | HP: 2/13 [goblin/+2 dagger of freezing (3)]
   169 | D:1      | Slain by a goblin

Action                   || total
-------------------------++-------
 Cast: Freeze            ||     7
Dodge: Dodged            ||     2
